Cogmind - Beta 16 @@@ ROGUE MODE // 2025.12.07 @ 13:12:47 Player: BlobtheGreat Result: Destroyed by TF-6J1(R) with Subdweller Beam Cannon Performance ------------- Evolutions (0) 0 Regions Visited (2) 400 Robots Destroyed (13) 65 Value Destroyed (333) 333 Prototype IDs (0) 0 Alien Tech Used (0) 0 Bonus (0) 0 TOTAL SCORE: 798 Bonus ------- None Cogmind --------- Core Integrity 0/250 Matter 202/300 Energy 250/250 System Corruption 0% Temperature Hot (240) Movement Treading (240) Ox1 Location -10/Subcaves Parts ------- > --- POWER (1) -------- Ion Engine > --- PROPULSION (2) --- Light Treads > --- UTILITY (2) ------ Large Storage Unit > --- WEAPON (2) ------- Small Laser Subdweller Shrapnel Launcher > --- INVENTORY (15) --- Light Nuclear Core Aluminum Leg Aluminum Leg Wheel Wheel Small Storage Unit Huge Storage Unit Seismic Detector Mining Laser Peak State ------------ > --- POWER ------------ Ion Engine > --- PROPULSION ------- Light Treads Light Treads > --- UTILITY ---------- Large Storage Unit Seismic Detector > --- WEAPON ----------- Small Laser Subdweller Shrapnel Launcher > --- INVENTORY -------- Light Nuclear Core Aluminum Leg Aluminum Leg Wheel Wheel Small Storage Unit Huge Storage Unit Seismic Detector Light Assault Rifle Mining Laser [Rating: 9] Favorites ----------- Power Ion Engine Engine Ion Engine Propulsion Light Treads Treads Light Treads Utility Seismic Detector Device Seismic Detector Storage Small Storage Unit Weapon Light Assault Rifle Energy Gun Small Laser Ballistic Gun Light Assault Rifle Launcher Subdweller Shrapnel Launcher Special Weapon Mining Laser Build | -11 -10 -10 ------- Run | Yrd Mat Sub Slots Evolved . | . . . Power . | . . . Propulsion . | . . . Utility . | . . . Weapon . | . . . Parts Attached 12 | 8 3 1 Power 2 | 2 . . Engine 2 | 2 . . Core . | . . . Reactor . | . . . Propulsion 2 | 2 . . Treads 2 | 2 . . Leg . | . . . Wheel . | . . . Hover . | . . . Flight . | . . . Utility 3 | 2 1 . Device 1 | 1 . . Storage 2 | 1 1 . Processor . | . . . Hackware . | . . . Protection . | . . . Artifact . | . . . Weapon 5 | 2 2 1 Energy Gun 1 | . 1 . Energy Cannon . | . . . Ballistic Gun 2 | 2 . . Ballistic Cannon . | . . . Launcher 1 | . . 1 Special Weapon 1 | . 1 . Impact Weapon . | . . . Slashing Weapon . | . . . Piercing Weapon . | . . . Special Melee Weapon . | . . . Unidentified Prototypes . | . . . Parts Lost 5 | . 2 3 Power 1 | . 1 . Propulsion 1 | . . 1 Utility 1 | . . 1 Weapon 2 | . 1 1 Highest Loss Streak 3 | . 2 3 To Critical Strikes . | . . . Average Backups 7 | 4 7 9 Power . | . . 1 Propulsion 3 | 3 4 4 Utility 1 | . 1 3 Weapon . | . . 1 Tool/Special . | . . . Unused Backups 7 | . . 7 Power 1 | . . 1 Propulsion 4 | . . 4 Utility 2 | . . 2 Weapon . | . . . Tool/Special . | . . . Average Slot Usage (%) 98 | . 99 98 Engine 13 | . 13 14 Treads 27 | . 28 27 Device 13 | . 14 13 Storage 14 | . 14 14 Energy Gun 9 | . 8 14 Ballistic Gun 16 | . 17 12 Special Weapon 1 | . 1 . Peak Build Rating 9 | 7 8 9 Average Rating 7 | 5 7 7 On Entrance 5 | . 7 8 Avg Prop Armor Cover (%) . | . . . Naked Turns . | . . . Heaviest Build 28 | 12 28 28 Greatest Support 40 | 40 40 40 Greatest Overweight (x) . | . . . Average Overweight (x) . | . . . Largest Inventory Capacity 15 | 8 15 15 Average Capacity 10 | 7 10 15 Most Carried 10 | 7 9 10 Average Carried 7 | 4 7 9 Final Capacity 15 | 8 15 15 Final Carried 9 | 7 9 9 Class Distribution -------------------- 100% | Mutant Dominant Class ---------------- Mutant | -10/Materials Mutant | -10/Subcaves Resources | -11 -10 -10 ----------- Run | Yrd Mat Sub Matter Collected 438 | 306 122 10 Remotely . | . . . Salvage Created 455 | 136 281 38 Parts 36 | 17 17 2 Haulers Intercepted . | . . . Recyclers Shooed 2 | . 2 . Parts Field Recycled . | . . . Retrieved Matter . | . . . Parts Self-Destructed 5 | . . 5 Prevented . | . . . Parts Restored . | . . . Kills | -11 -10 -10 ------- Run | Yrd Mat Sub Combat Hostiles Destroyed 7 | . 6 1 Guns 7 | . 6 1 Classes Destroyed 5 | 2 2 1 Tunneler 4 | 4 . . Recycler 1 | 1 . . Watcher 1 | . 1 . Grunt 6 | . 6 . Subdweller 1 | . . 1 Best Kill Streak 3 | 3 2 1 Combat Bots Only 2 | . 2 1 Max Kills in Single Turn 1 | 1 1 1 Gunslinging . | . . . Exploded . | . . . Melee . | . . . Uniques/NPCs Destroyed . | . . . Combat | -11 -10 -10 -------- Run | Yrd Mat Sub Hostile Shots Fired 70 | . 57 13 Missed 18 | . 17 1 Hits 52 | . 40 12 Projectile 52 | . 40 12 Critical Strikes 4 | . 3 1 Damage Taken 890 | . 578 312 Core 253 | . 116 137 Absorbed by Shields . | . . . Core Remaining (%) 100 | 100 . . Volleys Fired 77 | 13 56 8 Largest 2 | 2 2 2 Hottest 100 | 40 100 80 Shots Fired 142 | 26 103 13 Gun 130 | 26 95 9 Cannon . | . . . Launcher 4 | . . 4 Special 8 | . 8 . Kinetic 106 | 26 73 7 Thermal 36 | . 30 6 Explosive . | . . . Electromagnetic . | . . . Robot Hit Streak 11 | 7 11 5 Robot Miss Streak 4 | 2 4 1 Penetration Max . | . . . Secondary Targets 1 | . 1 . Max Gunslinging Chain 1 | . 1 . Shots Hit Robots 93 | 19 65 9 Core Hits 32 | 10 18 4 Critical Kills 1 | . 1 . Critical Parts Destroyed . | . . . Critical Strikes 1 | . 1 . Destroy 1 | . 1 . Melee Attacks . | . . . Impact . | . . . Slashing . | . . . Piercing . | . . . Sneak Attacks . | . . . Combat Hostiles . | . . . Follow-up Attacks . | . . . Damage Inflicted 1068 | 159 604 305 Guns 834 | 159 592 83 Cannons . | . . . Explosions 222 | . . 222 Melee . | . . . Ramming 12 | . 12 . Kinetic 792 | 159 382 251 Thermal 264 | . 210 54 Explosive . | . . . Electromagnetic . | . . . Impact . | . . . Slashing . | . . . Piercing . | . . . Highest Corruption . | . . . Average Corruption . | . . . Corruption Purged . | . . . Corruption Blocked . | . . . Overload Shots . | . . . Overflow Damage . | . . . Projectiles . | . . . Explosions . | . . . Melee . | . . . Knockbacks . | . . . Impact . | . . . Kinetic . | . . . Secondary . | . . . Self-Inflicted Damage . | . . . Shots . | . . . Rammed 2 | . 2 . Targets Rammed 2 | . 2 . Kicked . | . . . Crushed . | . . . Highest Temperature 245 | . 183 245 Average Temperature 54 | . 51 238 Received Heat Transfer 709 | . 387 322 Siege Activations . | . . . Martial Activations . | . . . Shielding Activations . | . . . Robots Disrupted . | . . . Combat Hostiles . | . . . Robots Corrupted . | . . . Combat Hostiles . | . . . Parts Fried . | . . . Impact Corruptions . | . . . Robots Melted . | . . . Combat Hostiles . | . . . Parts Melted 2 | . 2 . Heat Transferred 600 | . 475 125 Parts Sabotaged . | . . . Parts Stolen . | . . . Parts Stripped . | . . . Power Chain Reactions . | . . . Alert | -11 -10 -10 ------- Run | Yrd Mat Sub Maximum Alert Level . | . . . Low Security (%) 100 | 100 100 . Level 1 . | . . . Level 2 . | . . . Level 3 . | . . . Level 4 . | . . . Level 5 . | . . . High Security . | . . . Max Security . | . . . Peak Influence 56 | 15 56 . Initial . | . . . Average 9 | 2 10 . Influence Increases 217 | 25 192 . Destroy 0b10 Robot/C 120 | . 120 . Destroy 0b10 Robot/NC 30 | 25 5 . Destroy Leader 32 | . 32 . Successful Hack 13 | . 13 . Destroy Structure 7 | . 7 . Lose Combat Pursuer 15 | . 15 . Influence Decreases 217 | 25 179 13 Entered New Map 7 | . . 7 Time Decay 190 | 25 159 6 Lost Part 20 | . 20 . Squads Dispatched 1 | . 1 . Investigation . | . . . Extermination . | . . . Reinforcement 1 | . 1 . Assault . | . . . Garrison . | . . . Intercept . | . . . Searches Triggered . | . . . Construction Impeded . | . . . Haulers Reinforced . | . . . Active Scanning Responses . | . . . Cargo Convoy Interrupts . | . . . Stealth | -11 -10 -10 --------- Run | Yrd Mat Sub Distress Signals 1 | . 1 . Communications Jammed . | . . . Distress Signals . | . . . Times Spotted 12 | . 10 2 Peak Tracking Total 3 | . 3 2 Tactical Retreats 1 | . 1 . Traps | -11 -10 -10 ------- Run | Yrd Mat Sub Traps Triggered . | . . . Indirectly . | . . . Trap Hack Attempts . | . . . Triggered . | . . . Disarmed . | . . . Reprogrammed . | . . . Reused . | . . . Traps Extracted . | . . . Installed . | . . . Triggered . | . . . Machines | -11 -10 -10 ---------- Run | Yrd Mat Sub Machines Disabled . | . . . Max in Single Turn . | . . . Machines Repaired . | . . . Machines Dismantled . | . . . Machines Sabotaged . | . . . Overloaded Fab Kills . | . . . Hacking | -11 -10 -10 --------- Run | Yrd Mat Sub Machines Accessed 3 | . 3 . Terminals 3 | . 3 . Fabricators . | . . . Repair Stations . | . . . Recycling Units . | . . . Scanalyzers . | . . . Garrison Access . | . . . Total Hacks 11 | . 11 . Successful 7 | . 7 . Failed 4 | . 4 . Catastrophic . | . . . Database Lockouts . | . . . Manual 8 | . 8 . Terminals 11 | . 11 . Fabricators . | . . . Repair Stations . | . . . Recycling Units . | . . . Scanalyzers . | . . . Garrison Access . | . . . Terminal Hacks 4 | . 4 . Robot Analysis 2 | . 2 . Recall Reinforcements 1 | . 1 . Zone Layout 1 | . 1 . Fabricator Hacks . | . . . Repair Station Hacks . | . . . Recycling Unit Hacks . | . . . Scanalyzer . | . . . Garrison Access Hacks . | . . . Unauthorized Hacks 3 | . 3 . Terminals 3 | . 3 . Botnet 1 | . 1 . Skim 2 | . 2 . Fabricators . | . . . Repair Stations . | . . . Recycling Units . | . . . Scanalyzers . | . . . Garrison Access . | . . . Data Cores Recovered . | . . . Used . | . . . Hacking Detections 3 | . 3 . Full Trace Events . | . . . Feedback Events . | . . . Feedback Blocked . | . . . Robot Schematics Acquired . | . . . Robots Built . | . . . Authchips . | . . . Time . | . . . Total Robot Build Rating . | . . . Part Schematics Acquired . | . . . Parts Built . | . . . Authchips . | . . . Time . | . . . Total Part Build Rating . | . . . Part Studies Acquired . | . . . Parts Repaired . | . . . Time . | . . . Parts Recycled . | . . . Recycled Matter . | . . . Retrieved Matter . | . . . Retrieved Components . | . . . Parts Scanalyzed . | . . . Part Schematics Acquired . | . . . Parts Damaged . | . . . Bothacking | -11 -10 -10 ------------ Run | Yrd Mat Sub Used RIF Installer . | . . . Robots Hacked . | . . . Non-combat . | . . . Combat . | . . . Robot Hacks Applied . | . . . Relay Couplers Released . | . . . Fabnet Peak Effective % . | . . . Robots Rewired . | . . . Allies Hacked . | . . . Hacks Repelled . | . . . Allies | -11 -10 -10 -------- Run | Yrd Mat Sub Total Allies . | . . . Largest Group . | . . . Highest-Rated Group . | . . . Highest-Rated Ally . | . . . Total Orders . | . . . Ally Attacks . | . . . Total Damage . | . . . Kills . | . . . Allies Corrupted . | . . . Allies Melted . | . . . Intel | -11 -10 -10 ------- Run | Yrd Mat Sub Active Infowar (turns) 1542 | 59 1263 220 Seismic 1542 | 59 1263 220 Robot Analysis Total 2 | . 2 . Derelict Logs Recovered 1 | . . 1 Drone Launches . | . . . Drone Recoveries . | . . . Exploration | -11 -10 -10 ------------- Run | Yrd Mat Sub Turns Passed 1667 | 174 1263 230 Spaces Moved 550 | 78 345 127 Core 2 | 2 . . Treads 548 | 76 345 127 Legs . | . . . Wheels . | . . . Hover . | . . . Flight . | . . . Fastest Speed 50 | 50 160 160 Average Speed 159 | 157 160 160 Slowest Speed 160 | 160 160 160 Overloaded Moves . | . . . Propulsion Burnouts . | . . . Robots Hopped . | . . . Potential Cave-ins . | . . . Cave-ins Triggered . | . . . Exploration Rate (%) 24 | 5 52 17 Regions Visited 2 Branch Regions 1 Pre-discovered Areas 1 | . . 1 Known Exits Taken . | . . . Unknown Exits Taken 2 | 1 1 . Scrap Searched . | . . . Spaces Dug 7 | . 7 . Terrain Destroyed 57 | . 8 49 Melee . | . . . Projectile 8 | . 8 . AOE 49 | . . 49 Terrain Rammed . | . . . Walls Destroyed . | . . . Machines Disabled . | . . . Actions | -11 -10 -10 --------- Run | Yrd Mat Sub Total 1194 | 105 949 140 Wait 538 | . 538 . Move 548 | 77 344 127 Hop . | . . . Pick Up 11 | 7 3 1 Fast Attach 7 | 7 . . Attach 3 | . 2 1 Detach . | . . . Swap 8 | 1 4 3 Drop . | . . . Fire 77 | 13 56 8 Melee . | . . . Ram . | . . . Kick . | . . . Crush 2 | . 2 . Escape Stasis . | . . . Rewire . | . . . Trap . | . . . Miscellaneous . | . . . Route ------- -11/Scrapyard -10/Materials (discovered 3 exits: [*Mat] / [*Min] / [*Sub]) -10/Subcaves (discovered 1 exit: [*Mat]) History --------- Turn | Location | Event 19 | -11/Scrapyard | Discovered new exit (range 16) 175 | -11/Scrapyard | Entered Materials 309 | -10/Materials | Build established: Mutant 729 | -10/Materials | Discovered new exit (range 7) 752 | -10/Materials | Discovered new exit (range 22) 1427 | -10/Materials | Discovered new exit (range 8) 1438 | -10/Materials | Entered Subcaves 1439 | -10/Subcaves | Approached by a straggling Scientist 1462 | -10/Subcaves | Learned location of Storage (-9) 1520 | -10/Subcaves | Discovered new exit (range 10) 1536 | -10/Subcaves | Shifting Twisted Machinery released Sub. Shrapnel Launcher 1580 | -10/Subcaves | Shifting Twisted Machinery released Barrage Gun 1609 | -10/Subcaves | A swath of the cavern ceiling suddenly collapsed 1641 | -10/Subcaves | Ambushed by Subdwellers from Twisted Machinery 1654 | -10/Subcaves | Core integrity fell below 50% 1665 | -10/Subcaves | Core integrity fell below 20% 1668 | -10/Subcaves | Destroyed by TF-6J1(R) with Subdweller Beam Cannon Last Messages --------------- 8M-9O1(c): "I think it's somewhere west of here" 01540_ 0S-HUD(O) collects matter. 01562_ Acquired Sub. Shrapnel Launcher. Barrage Gun falls loose from the Twisted Machinery. 8M-9O1(c): "I think it's somewhere southwest of here" 01599_ Q7-WYN(u) builds Twisted Machinery. A swath of the cavern ceiling suddenly collapses. 01631_ 0S-HUD(O) collects matter. 8M-9O1(c): "I think it's somewhere southwest of here" 01654_ 8M-9O1(c) destroyed. 01658_ Lgt. Treads destroyed. 01658_ Seismic Detector destroyed. 01659_ Lgt. Assault Rifle destroyed. 01664_ Subatomizers dissect the Lgt. Ion Engine. 01666_ B9-PY0(R) destroyed. 01666_ Critical hit (Meltdown: +250). Map ----- +----------------------------------------------------+ | ????????????????????????????????????????????????? | | ????????????????????????????????????????????????? | | ????????????????????????????????????????????????? | | ????????????????????????????????????????????????? | | ????????????????????????????????????????????????? | | ????????????????????????????????????????????????? | | ????????????????????????????????????????????????? | | ????????????????????????????????????????????????? | | ????????????????????????????????????????????????? | | ????????????????????????????????????????????????? | | ??????????????????????? ????????????????????????? | | ????????????????????? ? ?????????????????????? | | ?????????????????? ;; """?????????????????????? | | ????????????????;;; " ?????????????????????? | | ?????????????? ?????????????????????? | | ?????????????? ?????????????????????? | | ??????????????;;; ?????????????????????? | | ???????????????#; ?????????????????????? | | ???????????????# ?????????????????????? | | ????????????????# & ?????????????????????? | | ????????????????# !%R ;?????????????????????? | | ???????????????### ; ;#?????????????????????? | | ???????????????# ;#; ;#?????????????????????? | | ??????????????## #### ##???????????????? | | ?????????????## #???????????????? | | ?????????????# @ #???????????????? | | ?????????????## ! #### #???????????????? | | ??????????????## %* ;#??????#???????????????? | | ??????????? ##### ##???????????????????????? | | ??????????? ??## #????????????????????????? | | ???????????# ???## ##???????????????????????? | | ??????????## ???## #????? #???????????????? | | ????????### #??## ##?? #???????????????? | | ???????## # ??# ## #???????????????? | | ??????## # ##?# #???????????????? | | ??????# ### ## ## #???????????????? | | ??????# ### ##?###?????????????????????? | | ??????# #####?????????????????????? | | ?????## ## #####?????????????????? | | ????## #?????????????????? | | ???## #?????????????????? | | ???# ### ##?????????????????? | | ???# % ##????"#?????????????????? | | ??????# # #????????????????????????? | | ?????## ## # #???????????????????????? | | "????#"" ## " """ ????????????????????? | | " ???# ### "" " #"""# ???????????????????? | | ? ??# ##""" "" ""#"# ???????????????????? | | ?? #### ##"" #### ###"" ?????????????????? | | #"[# # " "" ##??## ###??### ????????????????? | +----------------------------------------------------+ Best States ------------- Heat Dissipation 25 Energy Generation 10 Energy Capacity 250 Matter Stores 300 Matter Capacity 300 Sight Range 16 Terrain Scan Density 10 Evasion (%) 40 Recoil Reduction 2 Item Schematics ----------------- None Robot Schematics ------------------ None Fabricated ------------ Nothing Repaired ---------- Nothing Studied --------- None Alien Tech Used ----------------- None Achievements -------------- None Challenges ------------ None Game ------ Seed LinkedBlastFlakker Manual? 0 Play Time 00:06:16 Cumulative 209.0 hours Start 2025.12.07 @ 13:07:28 End 2025.12.07 @ 13:12:47 Sessions 1 Manual Loads 0 Difficulty Rogue Special Mode None Game No. 196 Rogue 196 Adventurer 0 Explorer 0 Win Type - Total 10 Types 7/0/2/0/0/0/0/0/0/1 Lore% 84 Gallery% 73 Achievement% 59 Wizard Run 0 Options --------- Layout 1 ASCII 0 Keyboard 1 Movement Arrows Keybinds 0 Fullscreen 1 Font 24/Smallcaps Map View 50x40 Zoom Use 0% Tactical HUD 1 Map Filters NONE Filters NONE Steam 1 RUN: fdf02910-c111-4ca5-b7da-2f684643a258